 Dungeon Sprint DCSS version 0.21-a0-260-g9b2435e (webtiles) character file.

25 Kidiri the Magician (level 2, -2/16 HPs)
             Began as a Deep Elf Fire Elementalist on Sept 7, 2017.
             Slain by an ogre
             ... wielding a +0 giant club
              (12 damage)
             ... in the Dungeon (Sprint I: "Red Sonja").
             The game lasted 00:01:05 (246 turns).

Kidiri the Magician (Deep Elf Fire Elementalist)     Turns: 246, Time: 00:01:05

Health: -2/16      AC:  2    Str:  5    XL:     2   Next: 82%
Magic:  7/10       EV: 14    Int: 19    God:
Gold:   0          SH:  0    Dex: 15    Spells: 8/11 levels left

rFire    . . .     SeeInvis .   l - +0 dagger
rCold    . . .     Gourm    .   (no shield)
rNeg     . . .     Faith    .   a - +0 robe
rPois    .         Spirit   .   (no helmet)
rElec    .         Reflect  .   (no cloak)
rCorr    .         Harm     .   (no gloves)
MR       .....     NoTele   +   (no boots)
Stlth    ++........             (no amulet)
HPRegen  0.05/turn              (no ring)
MPRegen  0.12/turn              (no ring)

@: very slightly contaminated
A: no striking features
a: no special abilities


You were in the Dungeon.
You were not hungry.

You visited 1 branch

Inventory:

Hand Weapons
 l - a +0 dagger (weapon)
Armour
 a - a +0 robe (worn)
 m - a +0 leather armour
Wands
 j - a wand of polymorph (1/24)
Scrolls
 i - a scroll of blinking
Potions
 d - a potion of curing
 e - a potion of heal wounds
 f - a potion of haste
 g - a potion of magic
 h - a potion of berserk rage
Books
 b - a book of Flames

   Spells                             Type                      Level
   a - Flame Tongue                   Conjuration/Fire             1
   b - Throw Flame                    Conjuration/Fire             2
   c - Conjure Flame                  Conjuration/Fire             3
   d - Inner Flame                    Hexes/Fire                   3
   e - Sticky Flame                   Conjuration/Fire             4
   f - Fireball                       Conjuration/Fire             5
Comestibles
 c - a bread ration
 k - 3 chunks of flesh


   Skills:
 + Level 1.4 Fighting
 + Level 0.0 Short Blades
 + Level 1.3 Armour
 + Level 3.4 Dodging
 - Level 2.4 Stealth
 * Level 5.1 Spellcasting
 + Level 2.2 Conjurations
 + Level 4.1 Fire Magic


You had 8 spell levels left.
You knew the following spells:

 Your Spells              Type           Power        Failure   Level  Hunger
a - Flame Tongue          Conj/Fire      ###..        3%          1    None
b - Throw Flame           Conj/Fire      ###...       4%          2    #......


Dungeon Overview and Level Annotations

Branches:
Dungeon (1/1)

Altars:


Message History

The flame tongue hits the ogre.
The ogre is moderately wounded.
The ogre closely misses you.
Casting: Flame Tongue
Confirm with . or Enter, or press ? or * to list all spells.
Aiming: Flame Tongue
Press: ? - help, Shift-Dir - straight line, f/p - ogre
Aim: an ogre, wielding a giant club (moderately wounded)
The flame tongue hits the ogre.
The ogre is heavily wounded.
Casting: Flame Tongue
Confirm with . or Enter, or press ? or * to list all spells.
Aiming: Flame Tongue
Press: ? - help, Shift-Dir - straight line, f/p - ogre
Aim: an ogre, wielding a giant club (heavily wounded)
The flame tongue hits the ogre.
The ogre is severely wounded.
The ogre hits you with a giant club!
Ouch! That really hurt!
You die...

##########
#<.#..'..#
#.@'..#
#.O####
#..# #..#
#..# #⌠⌠#
####


You could see an ogre.

Vanquished Creatures
  Ijyb (D)
1 creature vanquished.

Vanquished Creatures (others)
  A gargoyle (D)
1 creature vanquished.

Grand Total: 2 creatures vanquished

Notes
Turn   | Place    | Note
-------+----------+-------------------------------------------
     0 | D        | Kidiri the Deep Elf Fire Elementalist began the quest for the Orb.
     0 | D        | Reached XP level 1. HP: 10/10 MP: 6/6
     2 | D        | Noticed Ijyb
    13 | D        | Killed Ijyb
    13 | D        | Reached skill level 1 in Fighting
    13 | D        | Reached skill level 1 in Armour
    13 | D        | Reached skill level 5 in Spellcasting
    13 | D        | Reached XP level 2. HP: 5/16 MP: 3/10
   123 | D        | Killed a gargoyle
   229 | D        | Learned a level 2 spell: Throw Flame
   231 | D        | Noticed an ogre
   246 | D        | Slain by an ogre

Vault maps used:
D:        dungeon_sprint_1

Skill      XL: |  1 |
---------------+----+-----
Fighting       | 1 |  1.4
Armour         | 1 |  1.3
Dodging        | 3 |  3.4
Spellcasting   | 5 |  5.1
Conjurations   | 2 |  2.2
Fire Magic     | 4 |  4.1
Stealth        | |  2.4

Action                   || total
-------------------------++-------
 Cast: Flame Tongue      ||    12
  Use: Potion            ||     1
Armor: Robe              ||     2
Dodge: Dodged            ||     3

Table legend:
 A = Spawn XP
 B = Non-spawn XP
 C = Spawn XP percentage of total XP
 D = Spawn monster count
 E = Non-spawn monster count
 F = Spawn count percentage of total count
 G = Total turns spent on level
                    A         B        C        D         E        F      G
               +---------+---------+-------+---------+---------+-------+---------
         Total |       0 |      36 |   0.0 |       0 |       1 |   0.0 |   246
               +---------+---------+-------+---------+---------+-------+---------
             D |       0 |      36 |   0.0 |       0 |       1 |   0.0 |   246
               +---------+---------+-------+---------+---------+-------+---------
